 Dungeon Crawl Stone Soup version 0.25.1-2-g60ff931df9 (webtiles) character file.

Game seed: 13547910089623001964

28 DogServant the Insei (level 3, -2/18 HPs)
             Began as a Vine Stalker Transmuter on Oct 22, 2020.
             Slain by Natasha (3 damage)
             ... on level 2 of the Dungeon.
             The game lasted 00:01:24 (878 turns).

DogServant the Insei (Vine Stalker Transmuter)       Turns: 878, Time: 00:01:24

Health: -2/18      AC:  2    Str: 13    XL:     3   Next: 12%
Magic:  0/7        EV: 12    Int: 13    God:
Gold:   72         SH:  0    Dex: 14    Spells: 5/6 levels left

rFire    . . .     SeeInvis .     - Unarmed
rCold    . . .     Gourm    .   (no shield)
rNeg     . . .     Faith    .   b - +0 robe
rPois    .         Spirit   +   (no helmet)
rElec    .         Reflect  .   (no cloak)
rCorr    .         Harm     .   (no gloves)
MR       .....                  (no boots)
Stlth    +.........             (no amulet)
HPRegen  0.06/turn              (no ring)
MPRegen  0.10/turn              (no ring)

@: appendage (expiring)
A: fangs 2, horns 2, magic shield, antimagic bite, no potion heal 3, rot
immunity
a: End Transformation


You were on level 2 of the Dungeon.
You were not hungry.
You had grown temporary horns.
You visited 1 branch of the dungeon, and saw 2 of its levels.

You collected 72 gold pieces.

Inventory:

Missiles
 a - 34 arrows
Armour
 b - a +0 robe (worn)
Jewellery
 l - a +4 ring of protection {unknown}
 o - an uncursed ring of flight {unknown}
Scrolls
 c - 2 scrolls of identify {unknown}
 g - 2 scrolls of fear {unknown}
 i - a scroll of amnesia {unknown}
 k - 2 scrolls of remove curse {unknown}
 m - a scroll of enchant armour {unknown}
Potions
 e - 2 potions of stabbing {unknown}
 h - a potion of curing {unknown}
 j - 2 potions of lignification {unknown}
 n - 3 potions of degeneration {unknown}
 p - 2 potions of brilliance {unknown}
Comestibles
 d - 5 rations
 f - 2 chunks of flesh


   Skills:
 + Level 1.9 Fighting
 - Level 1.5 Dodging
 + Level 3.6 Unarmed Combat
 - Level 2.1 Spellcasting
 - Level 2.0 Transmutations


You had 5 spell levels left.
You knew the following spells:

 Your Spells              Type           Power        Failure   Level  Hunger
a - Beastly Appendage     Tmut           #.....       11%         1    ##.....

Your spell library contained the following spells:

 Spells                   Type           Power        Failure   Level  Hunger
 Sticks to Snakes         Tmut           #.......     17%         2    ###....
 Spider Form              Tmut/Pois      #.........   45%         3    ####...
 Ice Form                 Ice/Tmut       #.......     86%         4    #####..
 Blade Hands              Tmut           #.........   97%         5    ######.


Dungeon Overview and Level Annotations

Branches:
Dungeon (2/15)

Altars:

Annotations:
D:2 Natasha


Innate Abilities, Weirdness & Mutations

You have extremely sharp teeth.
When hurt, damage is shared between your health and your magic reserves.
Your bite disrupts and absorbs the magic of your enemies.
Potions cannot restore your health.
You are immune to rotting.
You have a pair of horns on your head.


Message History

Natasha is lightly wounded.
Natasha drinks a potion.
Natasha seems to grow stronger.
You hit Natasha. Your bite misses Natasha.
Natasha is moderately wounded.
Natasha casts a spell.
You closely miss Natasha. You bite Natasha.
Natasha's magic leaks into the air.
You drain her magic.
You feel invigorated.
Natasha is moderately wounded.
The white imp hits you. The white imp freezes you. Natasha claws you!
Some of the chunks of flesh in your inventory have rotted away.
You barely miss Natasha. Your headbutt misses Natasha.
Your bite misses Natasha.
Natasha is moderately wounded.
Your transformation is almost over.
The crimson imp blinks!
The white imp hits you.
* * * LOW HITPOINT WARNING * * *
The white imp freezes you.
* * * LOW HITPOINT WARNING * * *
Natasha claws you.
You die...

####
##################...####
................@h5ยง.....
.............#####.......
#######..........#.......
#.............#.......
#.............#.......
#.........[...#....5..
#....#####......)#....
#....# #.......#....
#....# #.......#


You could see Natasha (strong), a crimson imp (summoned) and a white imp
(summoned).

Vanquished Creatures
  A dart slug (D:1)
  A leopard gecko (D:2)
  5 bats
  A giant cockroach (D:1)
  3 hobgoblins
  3 jackals (D:1)
  3 frilled lizards
  A goblin (D:2)
  3 kobolds (D:1)
  5 rats (D:1)
26 creatures vanquished.

Notes
Turn   | Place    | Note
-------+----------+-------------------------------------------
     0 | D:1      | DogServant the Vine Stalker Transmuter began the quest for
                  | the Orb.
     0 | D:1      | Reached XP level 1. HP: 9/9 MP: 4/4
    28 | D:1      | Reached skill level 1 in Fighting
   124 | D:1      | Reached XP level 2. HP: 10/14 MP: 0/6
   693 | D:1      | You fall into a shaft and drop 1 floor!
   733 | D:2      | Reached XP level 3. HP: 16/18 MP: 5/7
   867 | D:2      | Noticed Natasha
   878 | D:2      | Slain by Natasha

Illustrated notes

Levels and vault maps discovered:
D:1:      minmay_arrival_four_loops, layout_rooms,
          chequers_serial_rivers_micro_d
D:2:      layout_basic, chequers_serial_rivers_micro_d, uniq_natasha

Skill      XL: |  1 |
---------------+----+-----
Fighting       | 1 |  1.9
Dodging        | |  1.5
Unarmed Combat | |  3.6
Spellcasting   | |  2.1
Transmutations | |  2.0

Action                   || total
-------------------------++-------
Melee: Unarmed           ||    67
       Bite              ||    11
       Headbutt          ||     3
       Kick              ||     5
 Cast: Beastly Appendage ||    15
Armor: Robe              ||    13
Dodge: Dodged            ||    41
